 Dungeon Crawl Stone Soup version 0.30-a0-125-g51eefa89be (webtiles) character file.

Game seed: 13657769671510346801

40 ragingrage the Poker (level 3, 0/29 HPs)
             Began as a Demonspawn Cinder Acolyte on Sept 18, 2022.
             Was a High Priest of Ignis.
             Slain by an adder (1 damage)
             ... on level 2 of the Dungeon.
             The game lasted 00:02:03 (1569 turns).

ragingrage the Poker (Demonspawn Cinder Acolyte)    Turns: 1569, Time: 00:02:04

Health: 0/29       AC:  3    Str: 16    XL:     3   Next: 30%
Magic:  4/4        EV: 11    Int: 15    God:    Ignis [*****.]
Gold:   56         SH:  0    Dex:  8    Spells: 4/4 levels left

rFire   + + .      SeeInvis .    a - -1 spear (flame)
rCold   + . .      Faith    .    (no shield)
rNeg    . . .      Spirit   .    l - +0 robe
rPois   +          Reflect  .    (no helmet)
rElec   +          Harm     .    (no cloak)
rCorr   +          Rampage  .    i - +0 pair of gloves
Will    .....                    (no boots)
Stlth   +.........               (no amulet)
HPRegen 0.09/turn                (no ring)
MPRegen 0.09/turn                (no ring)

@: lethally poisoned (0 -> -10), resistant
A: weakness stinger 2
a: Renounce Religion, Fiery Armour, Foxfire Swarm, Rising Flame


You were on level 2 of the Dungeon.
You worshipped Ignis.
Ignis was extremely pleased with you.
You visited 1 branch of the dungeon, and saw 2 of its levels.

You collected 56 gold pieces.

Inventory:

Hand Weapons
 a - a -1 spear of flaming (weapon)
 b - a +0 whip of venom
 e - a +0 halberd
Armour
 i - a +0 pair of gloves (worn)
 l - a +0 robe (worn)
Wands
 m - a wand of flame (12)
Scrolls
 g - a scroll of immolation {unknown}
 k - a scroll of butterflies {unknown}
 n - a scroll of identify {unknown}
Potions
 c - a potion of berserk rage {unknown}
 d - a potion of resistance
 f - a potion of lignification {unknown}
 h - 2 potions of curing {unknown}
 j - a potion of flight {unknown}


   Skills:
 - Level 3.0 Fighting
 + Level 3.4 Polearms
 - Level 1.0 Spellcasting
 + Level 3.4 Fire Magic


You had 4 spell levels left.
You didn't know any spells.
Your spell library contained the following spells:

 Spells                   Type           Power      Damage    Failure   Level
 Scorch                   Fire           22%        2d6       9%          2
 Slow                     Hex            0%         N/A       24%         1
 Confusing Touch          Hex            0%         N/A       58%         3
 Vampiric Draining        Necr           0%         2d6       58%         3


Dungeon Overview and Level Annotations

Branches:
Dungeon (2/15)

Altars:

Shops:
D:1 :


Innate Abilities, Weirdness & Mutations

You have a tail ending in a sharp stinger.


Message History

The adder is heavily wounded.
You feel sick. The adder barely misses you.
You are too injured to fight recklessly!
You barely miss the adder.
The adder is heavily wounded.
You feel sick.
You are no longer poisoned.
The adder bites you. The adder bites you but does no damage.
You are too injured to fight recklessly!
You barely miss the adder.
The adder is heavily wounded.
The adder bites you.
You are poisoned.
The adder poisons you!
You are too injured to fight recklessly!
You hit the adder but do no damage.
The adder looks even sicker.
Your tail-slap misses the adder.
The adder is heavily wounded.
You feel sick. The adder bites you.
You are more poisoned.
The adder poisons you! The adder bites you.
An adder is nearby!
You barely miss the adder.
The adder is heavily wounded.
You feel sick. The adder bites you.
* * * LOW HITPOINT WARNING * * *
Your +0 whip of venom stops dripping with poison.
Your -1 spear of flaming bursts into flame!
a - a -1 spear of flaming (weapon)
* * * LOW HITPOINT WARNING * * *
You feel sick. The adder bites you.
* * * LOW HITPOINT WARNING * * *
You are more poisoned.
The adder poisons you!
It was a potion of resistance.
You feel protected.
* * * LOW HITPOINT WARNING * * *
You feel very sick. The adder bites you.
You die...

###.#.# #...#.#
###########..#.#
.........##..#.#
########.##..#.#
# ###.......###.#
#.....#.##....#
##
#.......##.####
.#
#......###.@S.#
.## #####.##
#..#.# .†## #.#
#..# # #..###
###.# ...#
##...###...#
.$..#
###..##.###..#.##
##..#.###..#..
##..>..#..#.
#####.#


You could see an adder (very poisoned).

Vanquished Creatures
  An adder (D:2)
  2 ball pythons
  6 bats
  An endoplasm (D:1)
  5 giant cockroaches (D:1)
  A goblin (D:1)
  2 hobgoblins (D:1)
  3 frilled lizards
  4 kobolds (D:1)
  4 rats (D:1)
  A toadstool (D:1)
30 creatures vanquished.

Vanquished Creatures (others)
  3 toadstools (D:1)
3 creatures vanquished.

Grand Total: 33 creatures vanquished

Notes
Turn   | Place    | Note
-------+----------+-------------------------------------------
     0 | D:1      | ragingrage the Demonspawn Cinder Acolyte began the quest
                  | for the Orb.
     0 | D:1      | Reached XP level 1. HP: 18/18 MP: 2/2
   247 | D:1      | Gained mutation: You have a small tail. [demonic ancestry]
   247 | D:1      | Reached XP level 2. HP: 15/24 MP: 3/3
   355 | D:1      | Found Jobbuidd's Book Emporium.
   796 | D:1      | Found a faded altar of an unknown god.
  1086 | D:2      | Gained mutation: You have a tail ending in a sharp stinger.
                  | [demonic ancestry]
  1086 | D:2      | Reached XP level 3. HP: 23/29 MP: 4/4
  1569 | D:2      | HP: 1/29 [poisoned by an adder]
  1569 | D:2      | Slain by an adder

Illustrated notes

Levels and vault maps discovered:
D:1:      ldierk_water_garden, layout_loops_ring, ebering_ecumenical_altar_hall,
          serial_shops, nicolae_lakefront_shop, st_stairs_9
D:2:      wad_river_or_something, layout_basic, basic_altar, uniq_terence,
          uniq_sigmund

Skill      XL: |  1 |
---------------+----+-----
Polearms       | 3 |  3.4
Fire Magic     | 3 |  3.4
Fighting       | |  3.0
Spellcasting   | |  1.0

Action                   || total
-------------------------++-------
Melee: Spear             ||    75
       Whip              ||    29
       Tailslap          ||     2
       Punch             ||     1
  Use: Potion            ||     1
Armor: Robe              ||    31
Dodge: Dodged            ||    55

Table legend: (Time is in decaauts)
 A = Elapsed time spent in this place.
 B = Non-inter-level travel time spent in this place.
 C = Inter-level travel time spent in this place.
 D = Time resting spent in this place.
 E = Time spent auto-exploring this place.
 F = Levels seen in this place.
 G = Mean time per level.
                   A        B        C        D        E       F      G
               +--------+--------+--------+--------+--------+-----+--------+
         Total |   1565 |   1513 |     52 |    443 |    822 |   2 |  782.5 |
       Dungeon |   1565 |   1513 |     52 |    443 |    822 |   2 |  782.5 |
               +--------+--------+--------+--------+--------+-----+--------+

Top non-repeatable levels by time:
     D:1: 1068 daAuts
     D:2: 496 daAuts
